 Dungeon Crawl Stone Soup version 0.28-a0-1080-g05a166d0ed (webtiles) character file.

Game seed: 5780010102913617721

50 fragbeetle the Grasshopper (level 3, -4/35 HPs)
             Began as a Troll Warper on Dec 10, 2021.
             Killed by nerve-wracking pain
             ... invoked by an orc priest
              (12 damage)
             ... on level 2 of the Dungeon.
             The game lasted 00:03:57 (1006 turns).

fragbeetle the Grasshopper (Troll Warper)           Turns: 1006, Time: 00:03:58

Health: -4/35      AC:  4    Str: 19    XL:     3   Next: 55%
Magic:  4/4        EV: 10    Int: 11    God:
Gold:   9          SH:  0    Dex:  9    Spells: 2/4 levels left

rFire   . . .      SeeInvis .   f - +2 spear (flame)
rCold   . . .      Faith    .   (no shield)
rNeg    . . .      Spirit   .   b - +0 robe
rPois   .          Reflect  .   (helmet restricted)
rElec   .          Harm     .   (no cloak)
rCorr   .          Rampage  .   (gloves unavailable)
Will    .....                   (boots unavailable)
Stlth   +.........              (no amulet)
HPRegen 0.91/turn               (no ring)
MPRegen 0.09/turn               (no ring)

@: no status effects
A: large, unfitting armour, claws 3, regeneration 1, shaggy fur 1, tough skin 1
a: no special abilities


You were on level 2 of the Dungeon.
You visited 1 branch of the dungeon, and saw 2 of its levels.

You collected 9 gold pieces.

Inventory:

Hand Weapons
 a - a +0 mace
 f - a +2 spear of flaming (weapon)
Missiles
 d - 5 boomerangs of dispersal (quivered)
Armour
 b - a +0 robe (worn)
Jewellery
 e - a +4 ring of protection
Scrolls
 c - 4 scrolls of blinking
 h - a scroll of immolation {unknown}
 i - a scroll of identify {unknown}
 k - a scroll of teleportation {unknown}
Potions
 g - a potion of degeneration {unknown}
 j - a potion of berserk rage {unknown}


   Skills:
 + Level 1.9 Fighting
 + Level 2.1 Maces & Flails
 + Level 0.5 Polearms
 + Level 0.8 Throwing
 + Level 2.2 Dodging
 * Level 1.4 Spellcasting
 * Level 2.6 Translocations


You had 2 spell levels left.
You knew the following spells:

 Your Spells              Type           Power      Damage    Failure   Level
a - Blink                 Tloc           12%        N/A       16%         2

Your spell library contained the following spells:

 Spells                   Type           Power      Damage    Failure   Level
 Slow                     Hex            0%         N/A       30%         1
 Gell's Gravitas          Tloc           6%         N/A       32%         3
 Lesser Beckoning         Tloc           6%         N/A       32%         3
 Teleport Other           Tloc           6%         N/A       32%         3
 Confusing Touch          Hex            0%         N/A       67%         3
 Manifold Assault         Tloc           6%         N/A       96%         5
 Yara's Violent Unravell  Hex/Tmut       0%         3d3       100%        5


Dungeon Overview and Level Annotations

Branches:
Dungeon (2/15)

Altars:

Shops:
D:1 [


Innate Abilities, Weirdness & Mutations

You are too large for most types of armour.
You have claws for hands.
Your natural rate of healing is unusually fast.
You are covered in fur. (AC +1)
You have tough skin. (AC +1)


Message History

The quokka moves out of view.
The orc hits you with a +0 flail.
The ball python bites you but does no damage.
The ball python bites you but does no damage.
You hit the ball python. You burn the ball python.
You kill the ball python!
The orc closely misses you.
A kobold comes into view. It is wielding a +0 short sword.
You closely miss the orc. The orc hits you with a +0 flail.
You completely miss the orc. The orc hits you with a +0 club.
The kobold throws a stone.
The stone closely misses you. The orc hits you with a +0 flail.
You hit the orc but do no damage. The orc barely misses you. x2
You hit the orc. You burn the orc.
The orc is severely wounded.
The orc barely misses you.
The kobold hits you with a +0 short sword.
The orc closely misses you. The orc hits you with a +0 club.
You hit the orc but do no damage.
The orc is severely wounded.
The kobold closely misses you. The orc hits you with a +0 flail.
The orc barely misses you.
You hit the orc. You burn the orc.
You kill the orc!
The kobold barely misses you. The orc barely misses you.
The kobold hits you with a +0 short sword.
The orc priest mumbles some strange prayers to Beogh against you.
Beogh smites you!
* * * LOW HITPOINT WARNING * * *
You closely miss the kobold. The kobold barely misses you.
You aren't carrying any items that you can evoke.
You hit the kobold. You burn the kobold.
You kill the kobold!
The orc hits you with a +0 club.
* * * LOW HITPOINT WARNING * * *
The orc priest begins to cast a cantrip, but forgets the words!
You hit the orc but do no damage. The orc barely misses you.
The orc priest invokes the aid of Beogh against you.
Pain shoots through your body!
You die...

# .## ##
..###. ##$#?##
#..)..#.#
#o@...#
##o#######
#.o......#
#........#
#........#
#........#
#........#
##........#
.###..#.######


You could see an orc priest and 2 orcs.

Vanquished Creatures
  An adder (D:2)
  2 orcs
  4 endoplasms
  A giant cockroach (D:2)
  A goblin (D:1)
  3 hobgoblins
  2 jackals (D:2)
  4 quokkas
  5 ball pythons
  4 bats (D:1)
  2 frilled lizards (D:1)
  3 kobolds
  5 rats
37 creatures vanquished.

Notes
Turn   | Place    | Note
-------+----------+-------------------------------------------
     0 | D:1      | fragbeetle the Troll Warper began the quest for the Orb.
     0 | D:1      | Reached XP level 1. HP: 19/19 MP: 1/1
   181 | D:1      | Reached XP level 2. HP: 27/28 MP: 2/2
   189 | D:1      | Learned a level 2 spell: Blink
   280 | D:1      | Found Ymittin's Armour Emporium.
   718 | D:1      | Found a faded altar of an unknown god.
   829 | D:2      | Reached XP level 3. HP: 35/35 MP: 4/4
  1006 | D:2      | Killed from afar by an orc priest

Illustrated notes

Levels and vault maps discovered:
D:1:      nzn_arrival_water_spiral, layout_basic, serial_shops, shop,
          hellmonk_ecumenical_altar_slurped_away, minmay_tromino_v7
D:2:      layout_rooms, minmay_misc_feat_plants, minmay_tall_x

Skill      XL: |  1  2 |
---------------+-------+-----
Dodging        | 2 |  2.2
Maces & Flails | 2 |  2.1
Fighting       | |  1.9
Polearms       | |  0.5
Throwing       | |  0.8
Spellcasting   | |  1.4
Translocations | |  2.6

Action                   || total
-------------------------++-------
Melee: Mace              ||    12
       Spear             ||    90
Armor: Robe              ||    28
Dodge: Dodged            ||    65

Table legend: (Time is in decaauts)
 A = Elapsed time spent in this place.
 B = Non-inter-level travel time spent in this place.
 C = Inter-level travel time spent in this place.
 D = Time resting spent in this place.
 E = Time spent auto-exploring this place.
 F = Levels seen in this place.
 G = Mean time per level.
                   A        B        C        D        E       F      G
               +--------+--------+--------+--------+--------+-----+--------+
         Total |   1018 |    995 |     23 |     23 |    571 |   2 |  509.0 |
       Dungeon |   1018 |    995 |     23 |     23 |    571 |   2 |  509.0 |
               +--------+--------+--------+--------+--------+-----+--------+

Top non-repeatable levels by time:
     D:1: 892 daAuts
     D:2: 126 daAuts
